Map: Amygdala

Players

Nikich

  • Race: Zerg Zerg
  • League: Grandmaster
  • Spawn Location: 7:00

Krystianer - Winner!

  • Race: Protoss Protoss
  • League: Grandmaster
  • Spawn Location: 1:00

VOD

Have the link to the VOD?

Description

Time

  • Played on: Dec. 7, 2024, 12:59 p.m.
  • Length: 8:34
Show
View Real Time Build Order
Export as new Build Order

Nikich Zerg 

Build Orders: Hatch First 

Get SALT Encoding   

  12  0:00  Drone  
  13  0:13  Overlord  
  13  0:17  Drone  
  14  0:31  Drone x2  
  16  0:47  Hatchery  
  16  0:49  Drone  
  16  0:52  Drone  
  16  0:56  Drone  
  18  1:06  Extractor  
  18  1:11  Spawning Pool  
  16  1:14  Drone  
  17  1:19  Drone  
  18  1:29  Drone  
  19  1:39  Drone  
  20  1:50  Overlord  
  20  2:00  Queen x2  
  25  2:01  Zergling x4  
  26  2:10  Drone  
  26  2:11  Drone  
  28  2:18  Metabolic Boost  
  28  2:21  Drone  
  29  2:24  Drone  
  30  2:34  Hatchery  
  29  2:41  Queen  
  31  2:45  Drone  
  31  2:47  Drone  
  31  2:51  Overlord  
  33  2:55  Zergling x2  
  33  2:56  Zergling x2  
  35  3:01  Drone  
  35  3:05  Overlord  
  36  3:12  Drone x2  
  38  3:13  Drone  
  38  3:17  Queen  
  41  3:22  Queen  
  42  3:34  Drone x3  
  43  3:36  Drone  
  43  3:38  Drone  
  45  3:45  Drone x3  
  45  3:46  Drone  
  49  3:54  Drone  
  49  3:55  Drone  
  49  3:59  Drone  
  49  4:01  Drone  
  51  4:11  Spore Crawler  
  51  4:13  Drone  
  51  4:14  Drone x6  
  57  4:23  Overlord  
  56  4:27  Spore Crawler x2  
  56  4:29  Drone, Roach Warren  
  54  4:35  Drone x4  
  58  4:41  Extractor  
  58  4:42  Drone x4  
  58  4:43  Drone  
  61  4:50  Overlord  
  61  4:53  Drone  
  61  4:54  Drone  
  63  5:03  Drone x2, Spore Crawler  
  63  5:04  Overlord x2  
  63  5:05  Extractor  
  63  5:10  Roach  
  63  5:11  Roach x3  
  71  5:16  Roach  
  71  5:18  Lair  
  73  5:23  Overlord  
  73  5:24  Drone  
  73  5:25  Drone  
  73  5:26  Roach x2  
  73  5:28  Extractor  
  78  5:37  Drone x8  
  81  5:45  Drone x2  
  82  6:00  Extractor  
  82  6:02  Roach, Hatchery  
  79  6:04  Drone x2  
  79  6:11  Drone x3  
  82  6:14  Overlord  
  82  6:16  Roach x5  
  82  6:17  Glial Reconstitution  
  86  6:20  Evolution Chamber  
  86  6:23  Drone x2  
  86  6:29  Drone x3  
  89  6:34  Queen  
  92  6:40  Drone x2  
  92  6:41  Baneling Nest  
  92  6:56  Drone x3  
  92  6:57  Overlord x2  
  92  7:00  Spore Crawler  
  94  7:07  Drone x2  
  97  7:08  Overlord x3  
  97  7:19  Roach x5  
  97  7:21  Ravager  
  97  7:22  Ravager x3  
  111  7:27  Drone x6  
  115  7:37  Drone  
  115  7:40  Zergling x10  
  121  7:44  Hatchery  
  121  7:47  Ravager  
  121  7:48  Roach x4  
  129  7:56  Roach x5  
  133  8:01  Baneling  
  133  8:02  Baneling  
  130  8:09  Roach x5  
Show
View Real Time Build Order
Export as new Build Order

Krystianer Protoss - Winner!

Build Orders: 1 Gate Expand, Oracle Opening, Archon Immortal, Archon Drop 

Get SALT Encoding   

  12  0:00  Probe  
  13  0:12  Probe  
  14  0:17  Pylon  
  14  0:23  Probe  
  15  0:31  Probe  
  16  0:38  Gateway  
  16  0:39  Probe  
  16  0:46  Assimilator  
  17  0:51  Probe  
  18  1:03  Probe  
  19  1:15  Probe  
  20  1:23  Nexus  
  20  1:32  Cybernetics Core  
  20  1:35  Probe  
  20  1:39  Assimilator  
  21  1:47  Probe  
  21  1:50  Pylon  
  22  1:58  Adept  
  22  1:59  Probe  
  23  2:11  Probe  
  26  2:16  Stargate  
  26  2:18  Adept  
  26  2:23  Probe  
  29  2:30  Warp Gate  
  29  2:31  Probe  
  29  2:35  Probe  
  31  2:39  Probe  
  32  2:47  Probe  
  32  2:49  Adept, Probe  
  35  2:53  Oracle  
  36  2:59  Probe  
  36  3:01  Probe  
  41  3:11  Probe  
  42  3:13  Pylon, Probe  
  43  3:24  Probe  
  43  3:25  Probe  
  41  3:36  Probe x2  
  41  3:38  Gateway  
  41  3:39  Assimilator  
  43  3:42  Assimilator, Robotics Facility  
  43  3:44  Probe  
  43  3:48  Twilight Council, Probe  
  45  3:57  Probe  
  45  4:00  Gateway x2  
  45  4:01  Probe  
  47  4:06  Pylon  
  47  4:09  Probe  
  48  4:13  Probe  
  49  4:19  Warp Prism  
  49  4:21  Probe  
  52  4:32  Adept x2, Templar Archives  
  56  4:46  Pylon  
  56  4:49  Nexus  
  56  4:51  Probe x2  
  58  4:56  Forge  
  58  5:03  Probe x2  
  60  5:08  Pylon  
  60  5:11  High Templar  
  60  5:12  High Templar x3  
  68  5:15  Archon, Probe  
  68  5:16  Archon, Probe  
  68  5:19  Immortal  
  70  5:28  Probe x2  
  76  5:31  Pylon  
  76  5:40  Probe x2  
  78  5:45  Protoss Ground Weapons Level 1  
  78  5:50  Immortal  
  78  5:52  Probe x2  
  80  6:02  Probe  
  86  6:04  Charge, Probe x2  
  87  6:14  Probe  
  87  6:16  Immortal, Probe x2  
  88  6:25  Assimilator  
  86  6:27  Gateway, Probe  
  86  6:28  Assimilator, Probe x2  
  86  6:30  Gateway  
  93  6:38  Gateway  
  93  6:40  Probe  
  93  6:41  Gateway, Robotics Facility, Probe  
  93  6:42  Pylon, Sentry x3  
  93  6:44  Pylon  
  93  6:45  Pylon  
  101  6:48  Immortal  
  105  7:06  High Templar  
  105  7:07  Zealot x2, High Templar  
  105  7:08  Photon Cannon  
  113  7:11  Pylon  
  113  7:13  Archon  
  113  7:15  Photon Cannon  
  113  7:21  Pylon  
  113  7:25  Immortal  
  117  7:34  Zealot x3, High Templar x2  
  127  7:39  Zealot x3  
  127  7:40  Archon  
  127  7:43  Gateway  
  131  7:57  Zealot x3  
  137  8:00  Probe x2  
  137  8:01  Zealot x2  
  141  8:08  Probe  
  141  8:12  Probe  
  135  8:15  Zealot x3  
  135  8:19  Zealot x3  
  139  8:26  Zealot x2  
Tags
 
Add a new tag
Caveats
  • Supply blocks, unpowered buildings, or Contaminate may cause inaccurate times.
  • Supply counts are checked every 10 seconds.